 Dungeon Crawl Stone Soup version 0.25.1-1-g288607f5aa (webtiles) character file.

Game seed: 236313049494893129

208 H0rd4k the Insei (level 5, -1/33 HPs)
             Began as an Octopode Transmuter on July 23, 2020.
             Slain by Grinder (8 damage)
             ... while paralysed by Grinder
             ... on level 3 of the Dungeon.
             The game lasted 00:05:09 (3431 turns).

H0rd4k the Insei (Octopode Transmuter)              Turns: 3431, Time: 00:05:10

Health: -1/33      AC:  1    Str:  9    XL:     5   Next: 86%
Magic:  9/9        EV:  2    Int: 17    God:
Gold:   127        SH:  0    Dex: 12    Spells: 3/9 levels left

rFire    . . .     SeeInvis .     - Unarmed
rCold    . . .     Gourm    .   (no shield)
rNeg     . . .     Faith    .   (helmet restricted)
rPois    .         Spirit   .   (no amulet)
rElec    .         Reflect  .   (no ring)
rCorr    .         Harm     .   (no ring)
MR       .....                  (no ring)
Stlth    +++.......             (no ring)
HPRegen  0.11/turn              (no ring)
MPRegen  0.11/turn              (no ring)
                                (no ring)
                                (no ring)

@: paralysed, mighty, appendage (expiring)
A: almost no armour, stealthy swim, amphibious, 8 rings, constrict 8, tentacle
spike 3, camouflage 1, gelatinous body 1
a: End Transformation


You were on level 3 of the Dungeon.
You were not hungry.
One of your tentacles had a temporary spike.
You visited 1 branch of the dungeon, and saw 3 of its levels.

You collected 127 gold pieces.

Inventory:

Missiles
 a - 31 arrows
 r - 15 poisoned darts (quivered)
Scrolls
 i - a scroll of amnesia
 m - a scroll of random uselessness
 o - a scroll of teleportation {unknown}
 q - a scroll of immolation {unknown}
Potions
 b - a potion of stabbing {unknown}
 d - a potion of heal wounds
 e - a potion of lignification {unknown}
 h - a potion of curing {unknown}
 j - a potion of brilliance {unknown}
 k - a potion of haste {unknown}
 p - 2 potions of degeneration {unknown}
 t - a potion of flight {unknown}
Comestibles
 c - 6 rations
 s - 5 chunks of flesh


   Skills:
 + Level 1.6 Fighting
 + Level 2.5 Dodging
 + Level 3.0 Stealth
 + Level 4.4 Unarmed Combat
 * Level 2.8 Spellcasting
 * Level 2.8 Transmutations


You had 3 spell levels left.
You knew the following spells:

 Your Spells              Type           Power        Failure   Level  Hunger
a - Beastly Appendage     Tmut           ##....       5%          1    #......
b - Sticks to Snakes      Tmut           ##......     9%          2    ##.....
c - Spider Form           Tmut/Pois      #.........   30%         3    ###....

Your spell library contained the following spells:

 Spells                   Type           Power        Failure   Level  Hunger
 Ice Form                 Ice/Tmut       #.......     69%         4    #####..
 Blade Hands              Tmut           ##........   83%         5    ######.


Dungeon Overview and Level Annotations

Branches:
Dungeon (3/15)

Altars:
Fedhas
Hepliaklqana
Makhleb

Annotations:
D:2 1 runed translucent door, exclusion: door, Crazy Yiuf
D:3 Grinder


Innate Abilities, Weirdness & Mutations

You cannot wear most types of armour.
You are very stealthy in the water. (Stealth+)
You are amphibious.
You can wear up to eight rings at the same time.
You can use your tentacles to constrict eight enemies at once.
Your skin changes colour to match your surroundings (Stealth+).
Your rubbery body absorbs attacks. (AC +1, EV +1)
One of your tentacles bears a large vicious spike.


Message History

Level annotation: Grinder Welcome back, H0rd4k the Octopode Transmuter.
Press ? for a list of commands and other information.
Unknown command.
You feel very mighty all of a sudden. Grinder hits you.
You writhe in agony.
You bludgeon Grinder! Your grab misses Grinder.
Your tentacle spike misses Grinder.
Your squeeze misses Grinder.
Grinder is moderately wounded.
Grinder closely misses you.
You closely miss Grinder. Your grab misses Grinder.
You pierce Grinder!
Grinder is heavily wounded.
Grinder gestures at you.
You suddenly lose the ability to move!
Grinder gestures at you. Pain shoots through your body!
* * * LOW HITPOINT WARNING * * *
The orc priest begins to cast a cantrip, but forgets the words!
Grinder hits you!
You die...

# ### .÷##########
#...÷......######
##########......####
# ######.@5o# #
####......# #
....#.. #### ###.#
..^# # ##.######..
....<.....# ##
.#.######## ..# ##.#
##..


You could see Grinder and an orc priest.

Vanquished Creatures
  Natasha (D:2)
  7 adders
  3 gnolls
  2 oozes (D:3)
  4 worms
  A dart slug (D:1)
  5 orcs (D:3)
  4 giant cockroaches
  6 goblins
  7 hobgoblins
  5 jackals (D:1)
  8 kobolds
  2 quokkas
  A ball python (D:3)
  4 bats
  7 frilled lizards
  4 rats
  A fungus (D:2)
72 creatures vanquished.

Notes
Turn   | Place    | Note
-------+----------+-------------------------------------------
     0 | D:1      | H0rd4k the Octopode Transmuter began the quest for the Orb.
     0 | D:1      | Reached XP level 1. HP: 13/13 MP: 3/3
   213 | D:1      | Reached XP level 2. HP: 18/18 MP: 5/5
   236 | D:1      | Reached skill level 1 in Stealth
   621 | D:1      | Reached XP level 3. HP: 20/23 MP: 6/6
   638 | D:1      | Learned a level 2 spell: Sticks to Snakes
   642 | D:1      | Learned a level 3 spell: Spider Form
  1552 | D:1      | Reached XP level 4. HP: 7/28 MP: 5/7
  1789 | D:1      | Reached skill level 4 in Unarmed Combat
  1953 | D:2      | Found a burning altar of Makhleb.
  2382 | D:2      | Found a hazy altar of Hepliaklqana.
  2384 | D:2      | Found a blossoming altar of Fedhas.
  2534 | D:2      | Noticed Natasha
  2543 | D:2      | Reached XP level 5. HP: 22/33 MP: 6/8
  2649 | D:2      | Killed Natasha
  3004 | D:2      | Found a runed translucent door.
  3007 | D:2      | Noticed Crazy Yiuf
  3417 | D:3      | Noticed Grinder
  3429 | D:3      | Paralysed by Grinder for 4 turns
  3431 | D:3      | Slain by Grinder

Illustrated notes

Levels and vault maps discovered:
D:1:      dpeg_arrival_stonehenge_12_columns, layout_basic, minmay_octomino_e4
D:2:      layout_loops_ring, nicolae_overflow_hidden_temple, grunt_ministairs_3,
          uniq_crazy_yiuf_cottage, uniq_natasha
D:3:      layout_rooms, nemelex_xobeh_ov_fountains_minmay, uniq_grinder

Skill      XL: |  1  2  3  4  5 |
---------------+----------------+-----
Stealth        | 1 2 3 |  3.0
Unarmed Combat | 4 |  4.4
Fighting       | |  1.6
Dodging        | |  2.5
Spellcasting   | |  2.8
Transmutations | |  2.8

Action                   |  1- 3 |  4- 6 || total
-------------------------+-------+-------++-------
Melee: Unarmed           |    84 |    90 ||   174
       Constrict         |    21 |    21 ||    42
       Tentacles         |    11 |    11 ||    22
       Kick              |     8 |    21 ||    29
       Punch             |     2 |     4 ||     6
Throw: Dart              |       |     1 ||     1
 Cast: Beastly Appendage |     7 |    13 ||    20
  Use: Scroll            |       |     5 ||     5
       Potion            |       |     2 ||     2
 Stab: Sleeping          |    10 |     4 ||    14
  Eat: Chunk             |     1 |     7 ||     8
Armor: Skin              |    10 |     5 ||    15
Dodge: Dodged            |    61 |    57 ||   118
